 Dungeon Crawl Stone Soup version 0.22.0-49-gab54619674 (webtiles) character file.

38 JedernureinKreuz the Chiller (level 3, -17/26 HPs)
             Began as a Hill Orc Ice Elementalist on Sept 7, 2018.
             Killed from afar by a dart slug (37 damage)
             ... with an exploding inner flame
             ... hexed by the player character
             ... on level 2 of the Dungeon.
             The game lasted 00:05:47 (1122 turns).

JedernureinKreuz the Chiller (HOIE)                 Turns: 1122, Time: 00:05:47

Health: -17/26     AC:  3    Str: 10    XL:     3   Next: 43%
Magic:  2/5        EV: 11    Int: 16    God:
Gold:   28         SH:  0    Dex: 11    Spells: 4/5 levels left

rFire    . . .     SeeInvis .   g - +0 dagger
rCold    . . .     Gourm    .   (no shield)
rNeg     . . .     Faith    .   h - +0 leather armour (curse)
rPois    .         Spirit   .   (no helmet)
rElec    .         Reflect  .   (no cloak)
rCorr    .         Harm     .   (no gloves)
MR       .....                  (no boots)
Stlth    ++........             (no amulet)
HPRegen  0.08/turn              (no ring)
MPRegen  0.09/turn              (no ring)

@: no status effects
A: no striking features
a: no special abilities


You were on level 2 of the Dungeon.
You were not hungry.

You visited 1 branch of the dungeon, and saw 2 of its levels.

You collected 28 gold pieces.

Inventory:

Hand Weapons
 g - a +0 dagger (weapon)
Armour
 a - a +0 robe
 h - a cursed +0 leather armour (worn)
Potions
 b - a potion of curing {unknown}
 d - 2 potions of heal wounds
 e - a potion of degeneration {unknown}
 i - a potion of lignification {unknown}
Comestibles
 c - 4 rations


   Skills:
 + Level 0.6 Short Blades
 + Level 2.0 Dodging
 + Level 2.1 Stealth
 + Level 1.9 Spellcasting
   Level 1.0 Conjurations
 + Level 3.0 Ice Magic


You had 4 spell levels left.
You knew the following spells:

 Your Spells              Type           Power        Failure   Level  Hunger
a - Freeze                Ice            ##..         9%          1    #......

Your spell library contained the following spells:

 Spells                   Type           Power        Failure   Level  Hunger
 Throw Frost              Conj/Ice       #.....       19%         2    ###....
 Ozocubu's Armour         Chrm/Ice       #.......     41%         3    ###....
 Throw Icicle             Conj/Ice       #.......     77%         4    #####..
 Summon Ice Beast         Ice/Summ       #.......     83%         4    #####..


Dungeon Overview and Level Annotations

Branches:
Dungeon (2/15)

Altars:


Message History

The dart slug is severely wounded.
The dart slug closely misses you.
Casting: Freeze (safe; 9% risk of failure)
Confirm with . or Enter, or press ? or * to list all spells.
Aiming: Freeze (safe; 9% risk of failure)
Press: ? - help, Shift-Dir - straight line, f/p - dart slug
Aim: a dart slug (severely wounded, inner flame)
You freeze the dart slug.
The dart slug is almost dead.
The dart slug bites you.
Casting: Freeze (safe; 9% risk of failure)
Confirm with . or Enter, or press ? or * to list all spells.
Aiming: Freeze (safe; 9% risk of failure)
Press: ? - help, Shift-Dir - straight line, f/p - dart slug
Aim: a dart slug (almost dead, inner flame)
You freeze the dart slug.
The dart slug explodes!
The fiery explosion engulfs you!
Ouch! That really hurt!
You die...

+......#+####....#...##....
#..........................
##>.÷......................
#.........#......#######'#+
#.........#....#########...
#.........#....+...........
##..##....#....#####....#.#
#.. #.....................
#.. +..§§@................
... #..§§§.......#######..
#...§§.......###......
#............'.+......
#####........###......
.........###......
..................
........###...#...
.............#...


There were no monsters in sight!

Vanquished Creatures
  An adder (D:2)
  2 oozes (D:2)
  2 bats (D:1)
  2 giant cockroaches (D:1)
  2 goblins (D:1)
  2 hobgoblins (D:1)
  3 jackals (D:2)
  A kobold (D:1)
  A quokka (D:2)
  A frilled lizard (D:1)
  2 rats
19 creatures vanquished.

Notes
Turn   | Place    | Note
-------+----------+-------------------------------------------
     0 | D:1      | JedernureinKreuz the Hill Orc Ice Elementalist began the
                  | quest for the Orb.
     0 | D:1      | Reached XP level 1. HP: 14/14 MP: 3/3
   122 | D:1      | Reached XP level 2. HP: 15/20 MP: 2/4
   690 | D:2      | Reached skill level 3 in Ice Magic
   690 | D:2      | Reached XP level 3. HP: 6/26 MP: 0/5
  1122 | D:2      | Killed from afar by a dart slug

Skill      XL: |  1  2  3 |
---------------+----------+-----
Stealth        | 2 |  2.1
Ice Magic      | 3 |  3.0
Dodging        | 2 |  2.0
Short Blades   | |  0.6
Spellcasting   | |  1.9
Conjurations   | |  1.0

Action                   || total
-------------------------++-------
Melee: Unarmed           ||    28
       Dagger            ||    20
 Cast: Freeze            ||    25
  Use: Scroll            ||     4
  Eat: Chunk             ||     1
Armor: Robe              ||     9
       Leather armour    ||     4
Dodge: Dodged            ||    46
